 Dungeon Crawl Stone Soup version 0.30.0-15-g856e2d3f33 (webtiles) character file.

Game seed: 4842398591780204814

120143 thromnambular the Warrior (level 16, -4/138 HPs)
             Began as a Demonspawn Gladiator on May 19, 2023.
             Was an Initiate of Gozag.
             Slain by a fenstrider witch (16 damage)
             ... while paralysed by a fenstrider witch
             ... on level 2 of the Swamp.
             The game lasted 01:06:59 (25095 turns).

thromnambular the Warrior (Demonspawn Gladiator)   Turns: 25095, Time: 01:07:00

Health: -4/138     AC: 16    Str: 19    XL:     16   Next: 29%
Magic:  23/23      EV:  2    Int: 10    God:    Gozag
Gold:   3050       SH:  0    Dex: 24    Spells: 10/24 levels left

rFire   + . .        A - +2 lajatang (heavy)
rCold   + . .        (shield currently unavailable)
rNeg    . . .        I - +5 scale mail {Will+}
rPois   +            F - +2 hat
rElec   .            (cloak unavailable)
rCorr   .            (gloves unavailable)
SInv    .            (boots unavailable)
Will    ++...        q - amulet of reflection
Stlth   +            L - ring "Uneblez" {Fly Dex+6 Slay+3}
HPRegen 0.43/turn    W - ring of Rommeob {rPois rF+ rC+ EV+5}
MPRegen 0.18/turn

%: reflection
@: paralysed, mighty, flying, invisible
A: claws 3, hooves 3, powered by death 3, weakness stinger 3
a: Renounce Religion, Potion Petition, Call Merchant, Bribe Branch


You were on level 2 of the Swamp.
You worshipped Gozag.
Gozag was most pleased with you.
You visited 4 branches of the dungeon, and saw 24 of its levels.
You also visited: Gauntlet.

You collected 9689 gold pieces.
You spent 3272 gold pieces at shops.
You paid 3367 gold pieces to Gozag.

Inventory:

Hand Weapons
 u - a +0 heavy quarterstaff
 A - a +2 heavy lajatang (weapon)
 X - a +0 lajatang of electrocution
Missiles
 G - 11 javelins (quivered)
Armour
 c - a scarf of invisibility
 F - a +2 hat (worn)
 I - a +5 scale mail of willpower (worn)
 S - a +1 cloak of stealth
 T - the +3 hat of Pondering {ponderous, Will+ MP+10 Int+5}
   (You took it off Gastronok on level 1 of the Orcish Mines)

   Int:       It affects your intelligence (+5).
   MP:        It affects your magic capacity (+10).
   Will:      It increases your willpower.
Jewellery
 g - a ring of fire
 k - a ring of positive energy
 q - an amulet of reflection (around neck)
 t - an amulet of the acrobat
 w - a +5 ring of evasion
 x - a ring of flight
 D - a ring of willpower
 L - the ring "Uneblez" (left claw) {Fly Dex+6 Slay+3}
   (You found it in a Gauntlet)

   [ring of flight]

   Dex:       It affects your dexterity (+6).
   Slay:      It affects your accuracy & damage with ranged weapons and melee
   (+3).
   Fly:       It grants you flight.
 N - a +6 ring of intelligence
 R - a +6 ring of dexterity
 W - the ring of Rommeob (right claw) {rPois rF+ rC+ EV+5}
   (You bought it in a shop on level 13 of the Dungeon)

   [ring of evasion]

   EV:        It affects your evasion (+5).
   rF:        It protects you from fire.
   rC:        It protects you from cold.
   rPois:     It protects you from poison.
Wands
 d - a wand of mindburst (10)
 e - a wand of charming (23)
 r - a wand of flame (35)
 K - a wand of roots (21)
 V - a wand of light (1)
Scrolls
 b - 3 scrolls of noise
 f - 2 scrolls of poison
 h - 5 scrolls of teleportation
 o - 5 scrolls of amnesia
 s - a scroll of enchant armour
 y - 7 scrolls of fog
 B - a scroll of silence
 M - 9 scrolls of identify
 P - a scroll of blinking
Potions
 a - 3 potions of lignification
 i - 5 potions of flight
 j - 3 potions of attraction
 l - 4 potions of cancellation
 m - 6 potions of brilliance
 n - 4 potions of mutation
 p - a potion of berserk rage
 v - 3 potions of heal wounds
 z - 14 potions of curing
 C - 2 potions of resistance
 E - 7 potions of ambrosia
 H - 3 potions of magic
 Q - a potion of invisibility
 U - 3 potions of might
Miscellaneous
 J - a phial of floods
 O - a phantom mirror


   Skills:
 + Level 15.8 Fighting
 - Level 14.0 Staves
 - Level 1.7 Throwing
 - Level 11.0 Armour
 + Level 10.2 Dodging
 - Level 4.8 Spellcasting
 - Level 8.0 Translocations
 + Level 0.7 Air Magic
 - Level 8.6 Evocations


You had 10 spell levels left.
You knew the following spells:

 Your Spells              Type           Power      Damage    Failure   Level
a - Apportation           Tloc           36%        N/A       1%          1
b - Lesser Beckoning      Tloc           36%        N/A       3%          2
c - Vhi's Electric Charg  Tloc/Air       22%        N/A       28%         3
d - Gell's Gravitas       Tloc           18%        N/A       6%          3
e - Teleport Other        Tloc           18%        N/A       6%          3
B - Blink                 Tloc           36%        N/A       3%          2

Your spell library contained the following spells:

 Spells                   Type           Power      Damage    Failure   Level
 Volatile Blastmotes      Fire/Tloc      20%        2d11      32%         3
 Beastly Appendage        Tmut           4%         N/A       50%         1
 Foxfire                  Conj/Fire      8%         2x1d4     50%         1
 Magic Dart               Conj           8%         1d3       50%         1
 Necrotise                Necr           8%         1d4       50%         1
 Sandblast                Erth           4%         2d4       50%         1
 Summon Small Mammal      Summ           8%         N/A       50%         1
 Cigotuvi's Dreadful Rot  Necr/Pois/Air  4%         N/A       61%         2
 Passwall                 Tmut/Erth      1%         N/A       65%         2
 Searing Ray              Conj           4%         2d4       65%         2
 Sublimation of Blood     Necr           2%         N/A       65%         2
 Wereblood                Tmut           2%         N/A       65%         2
 Frozen Ramparts          Ice            4%         1d1       86%         3
 Ignite Poison            Fire/Tmut/Pois 2%         N/A       86%         3
 Inner Flame              Hex/Fire       2%         N/A       86%         3
 Spider Form              Tmut/Pois      2%         N/A       86%         3
 Stone Arrow              Conj/Erth      4%         3d7       86%         3
 Vampiric Draining        Necr           2%         2d6       86%         3
 Dispersal                Tloc           9%         N/A       97%         6
 Airstrike                Air            1%         2d(1-17)  99%         4
 Flame Wave               Conj/Fire      2%         2d4       99%         4
 Ice Form                 Ice/Tmut       2%         N/A       99%         4
 Leda's Liquefaction      Hex/Erth       1%         N/A       99%         4
 Petrify                  Tmut/Erth      2%         N/A       99%         4
 Sticky Flame             Conj/Fire      2%         2d3       99%         4
 Summon Ice Beast         Ice/Summ       2%         N/A       99%         4
 Agony                    Necr           2%         N/A       100%        5
 Alistair's Intoxication  Tmut/Pois      1%         N/A       100%        5
 Arcjolt                  Conj/Air       1%         1d11      100%        5
 Blade Hands              Tmut           1%         N/A       100%        5
 Borgnjor's Vile Clutch   Necr/Erth      1%         N/A       100%        5
 Fireball                 Conj/Fire      1%         3d3       100%        5
 Freezing Cloud           Conj/Ice/Air   1%         6-21      100%        5
 Irradiate                Conj/Tmut      1%         3d12      100%        5
 Lee's Rapid Deconstruct  Erth           1%         3d4*      100%        5
 Eringya's Noxious Bog    Tmut/Pois      1%         N/A       100%        6
 Iron Shot                Conj/Erth      1%         9d1       100%        6
 Plasma Beam              Fire/Air       1%         2x1d12    100%        6
 Starburst                Conj/Fire      1%         6d3       100%        6
 Dragon Form              Tmut           1%         N/A       100%        7
 Lehudib's Crystal Spear  Conj/Erth      1%         10d2      100%        8


Dungeon Overview and Level Annotations

Branches:
Dungeon (15/15)            Temple (0/1) D:6            Lair (5/5) D:9
  Swamp (2/4) Lair:3        Slime (0/5) Lair:5          Orc (2/2) D:10
    Elf (0/3) Orc:2        Vaults (0/5) D:13         Depths (0/4) D:15
Gauntlet (visited)
  Snake: Lair:2-3    Spider: Lair:2-3

Altars:
Ashenzari
Dithmenos
Gozag
Kikubaaqudgha
Nemelex Xobeh
Ru
Trog
Uskayaw
Vehumet
Jiyva

Shops:
D:6 :   D:9 *   D:13 =   Orc:2 [*(=   Swamp:1 [

Portals:
Trove: D:15 (give +6 demon trident)

Annotations:
Lair:1 2 transporters, Taxzan's ghost, journeyman MiGl


Innate Abilities, Weirdness & Mutations

You have claws for hands.
You have hooves in place of feet.
You regenerate a lot of health from kills.
You have a sharp stinger which inflicts weakening toxins.


Message History

The fenstrider witch is lightly wounded.
The fenstrider witch hits you!
The fenstrider witch kicks you but does no damage.
The fenstrider witch hits you.
* * * LOW HITPOINT WARNING * * *
The fenstrider witch kicks you!
* * * LOW HITPOINT WARNING * * *
You feel much better.
The fenstrider witch casts a spell at you.
You resist with significant effort.
You miss the fenstrider witch.
Your tail-slap misses the fenstrider witch.
The fenstrider witch is lightly wounded.
The fenstrider witch barely misses you. The fenstrider witch kicks you!
You open the fenstrider witch like a pillowcase!!!
Your kick misses the fenstrider witch.
Your tail-slap misses the fenstrider witch.
The fenstrider witch is severely wounded.
You hear a shout!
You block the fenstrider witch's attack.
The fenstrider witch misses you. x2
You block the fenstrider witch's attack. [a] - 288 gold - brilliance and magic [b] - 486 gold - resistance and invisibility [c] - 240 gold - invisibility and might Purchase which effect?
You fade into invisibility!
You feel very mighty all of a sudden.
The fenstrider witch gestures at you while chanting.
You suddenly lose the ability to move!
The fenstrider witch points at you and mumbles some strange words.
You easily resist.
The fenstrider witch gestures at you while chanting.
Your body is wracked with pain!
* * * LOW HITPOINT WARNING * * *
The fenstrider witch hits you!
* * * LOW HITPOINT WARNING * * *
The fenstrider witch kicks you but does no damage.
The fenstrider witch hits you!
You die...
Your body crumbles into a pile of gold.

$ #~.[~~~~ ♣♣
♣♣♣..~~~.♣ $ .♣.
♣§~~~§.♣ ♣♣♣ ♣H♣
♣~~~~~.♣♣♣♣~♣ ♣@♣
♣~~~~~.~....♣♣ ♣~♣
♣~...♣.~~.(.~♣
#♣♣.♣♣♣~~....~~~...~
♣≈≈~.♣♣~..<.~§..~~~.
#♣♣.~♣#~....~~~♣~~~.
♣♣♣~♣~~~....~♣~...
♣~♣~~~~~~..♣.~~~
#♣~♣♣§♣~~~~~~...♣.~~
♣~≈~P~.~.....P.~~..§


You could see a fenstrider witch.

Vanquished Creatures
  Jorgrun (Swamp:1)
  Gastronok (Orc:1)
  Agnes (D:13)
  Kirke (Swamp:1)
  A thorn hunter (Swamp:2)
  A fenstrider witch (Swamp:1)
  An orc warlord (Orc:1)
  A ghoul (Swamp:2)
  3 eleionomae
  A bunyip (Swamp:2)
  A dire elephant (D:15)
  A minotaur (Gauntlet)
  A fire dragon (D:12)
  A ghost crab (Swamp:1)
  6 hydras
  6 boulder beetles
  Erolcha (D:12)
  4 centaur warriors
  3 two-headed ogres
  2 catoblepae
  A deep troll shaman (Lair:5)
  2 alligators
  4 tengu warriors
  8 death yaks
  Urug (D:10)
  3 orc high priests (Orc:2)
  Nergalle (D:10)
  3 spriggans (Swamp:1)
  A skyshark (Lair:5)
  Lodul (D:11)
  2 goliath frogs
  2 spriggan druids
  2 swamp dragons
  3 bog bodies
  2 lindwurms (Lair:5)
  2 deep elf pyromancers
  A necromancer (D:13)
  5 orc knights
  13 ugly things
  6 manticores
  An ugly thing (shapeshifter) (D:7)
  5 orc sorcerers
  A will-o-the-wisp (Swamp:2)
  8 cyclopes
  A salamander (D:15)
  6 black mambas
  Joseph (Lair:1)
  2 gargoyles
  17 elephants
  A torpor snail (Lair:4)
  An unseen horror (D:7)
  11 cane toads
  A minotaur zombie (Gauntlet)
  2 rime drakes
  10 komodo dragons
  A tengu conjurer (D:13)
  2 trolls
  7 hornets
  4 tyrant leeches (Swamp:1)
  4 polar bears
  Grinder (D:4)
  A queen bee (Lair:1)
  17 blink frogs
  4 slime creatures
  3 dream sheep (Lair:4)
  A centaur simulacrum (D:14)
  A vampire (D:10)
  5 shadows
  A wraith (D:11)
  6 basilisks
  4 wyverns
  A neqoxec (Gauntlet)
  2 hogs (Swamp:1)
  39 yaks
  A chaos spawn (Gauntlet)
  Eustachio (D:5)
  Menkaure (D:5)
  12 vampire mosquitoes
  5 wargs
  7 swamp worms
  An acid dragon (D:8)
  Duvessa (D:4)
  A sky beast (D:7)
  17 water moccasins
  A swamp drake (Swamp:1)
  25 orc warriors
  5 black bears
  15 wolves
  14 ogres
  2 phantoms
  11 centaurs
  3 kobold brigands
  Blork the orc (D:5)
  6 bullfrogs
  3 gnoll sergeants
  A scorpion (D:4)
  4 wights (D:8)
  Dowan (D:4)
  22 killer bees
  An electric eel (Lair:3)
  4 howler monkeys
  23 orc priests
  3 hounds
  18 jellies
  2 sleepcaps
  Crazy Yiuf (D:3)
  5 iguanas
  Ijyb (D:4)
  22 orc wizards
  Natasha (twice) (D:2)
  5 hell rats (Lair:5)
  9 gnolls
  9 adders
  3 white imps
  3 dart slugs
  3 worms
  61 orcs
  6 ball pythons
  4 bats
  7 endoplasms
  2 giant cockroaches
  8 hobgoblins
  4 quokkas
  6 frilled lizards
  7 goblins
  19 kobolds
  4 rats
676 creatures vanquished.

Vanquished Creatures (collateral kills)
  2 orc wizards (D:7)
2 creatures vanquished.

Vanquished Creatures (others)
  3 bloated husks (Swamp:2)
  A wraith (D:10)
  2 humans (Swamp:1)
  An orc (Orc:2)
7 creatures vanquished.

Grand Total: 685 creatures vanquished

Notes
Turn   | Place    | Note
-------+----------+-------------------------------------------
     0 | D:1      | thromnambular the Demonspawn Gladiator began the quest for
                  | the Orb.
     0 | D:1      | Reached XP level 1. HP: 16/16 MP: 1/1
   176 | D:1      | Discovered your monstrous ancestry.
   176 | D:1      | Gained mutation: You have a small tail. [demonic ancestry]
   176 | D:1      | Reached XP level 2. HP: 14/22 MP: 2/2
   391 | D:1      | Found a faded altar of an unknown god.
   399 | D:1      | Learned a level 1 spell: Apportation
   404 | D:1      | Prayed at the altar of an unknown god.
   404 | D:1      | Became a worshipper of Gozag Ym Sagoz the Greedy
   599 | D:1      | Gained mutation: You have large cloven feet. [demonic
                  | ancestry]
   599 | D:1      | Reached XP level 3. HP: 22/28 MP: 3/3
   974 | D:2      | Noticed Natasha
   981 | D:2      | Killed Natasha
   982 | D:2      | Gained mutation: You regenerate a little health from kills.
                  | [demonic ancestry]
   982 | D:2      | Reached XP level 4. HP: 28/34 MP: 4/4
   984 | D:2      | Identified the +1 leather armour of Cynicism {Will++
                  | Stlth+}
  1278 | D:2      | Noticed Natasha
  1284 | D:2      | Killed Natasha
  1285 | D:2      | Reached skill level 3 in Fighting
  1715 | D:3      | Found a shadowy altar of Dithmenos.
  1801 | D:3      | Gained mutation: You have sharp fingernails. [demonic
                  | ancestry]
  1801 | D:3      | Reached XP level 5. HP: 41/41 MP: 5/5
  1925 | D:3      | Found a sacrificial altar of Ru.
  1929 | D:3      | Found a hide-covered altar of Uskayaw.
  2120 | D:3      | Found a sparkling altar of Nemelex Xobeh.
  2164 | D:3      | Found a runed translucent door.
  2165 | D:3      | Noticed Crazy Yiuf
  2526 | D:3      | Killed Crazy Yiuf
  2681 | D:4      | You fall into a shaft and drop 3 floors!
  2684 | D:7      | Noticed a troll
  2688 | D:7      | Found a flagged portal.
  2767 | D:6      | Noticed an ogre
  2777 | D:6      | Noticed a centaur
  2785 | D:6      | Killed a centaur
  2786 | D:6      | Gained mutation: You have hoof-like feet. [demonic
                  | ancestry]
  2786 | D:6      | Reached XP level 6. HP: 29/48 MP: 6/6
  2900 | D:6      | Identified the +0 robe of Satisfaction {rPois rC+++ Slay-5
                  | Stlth+}
  2927 | D:5      | Entered Level 5 of the Dungeon
  2927 | D:5      | Noticed Eustachio
  2980 | D:5      | Reached skill level 5 in Staves
  3115 | D:5      | Noticed Blork the orc
  3142 | D:4      | Reached skill level 4 in Fighting
  3267 | D:4      | Reached XP level 7. HP: 54/54 MP: 7/7
  3568 | D:4      | Noticed Grinder
  3569 | D:4      | Noticed Ijyb
  3578 | D:4      | Killed Grinder
  3625 | D:4      | Killed Ijyb
  3842 | D:4      | Noticed Duvessa
  3846 | D:4      | Noticed Dowan
  3870 | D:4      | Killed Duvessa
  3871 | D:4      | Reached skill level 5 in Fighting
  3871 | D:4      | Reached skill level 5 in Dodging
  3871 | D:4      | Gained mutation: You regenerate health from kills. [demonic
                  | ancestry]
  3871 | D:4      | Reached XP level 8. HP: 31/62 MP: 8/8
  3879 | D:4      | Killed Dowan
  4124 | D:5      | Killed Blork the orc
  4142 | D:5      | Found a radiant altar of Vehumet.
  4160 | D:5      | Killed Eustachio
  4198 | D:5      | Identified the +8 falchion "Grim" {flame, Str+5}
  4235 | D:5      | Noticed Menkaure
  4240 | D:5      | Killed Menkaure
  4703 | D:6      | Found a staircase to the Ecumenical Temple.
  4902 | D:6      | Reached skill level 6 in Fighting
  5083 | D:6      | Found Sount's Book Shoppe.
  5092 | D:6      | Bought a book of Displacement for 242 gold pieces
  5095 | D:6      | Learned a level 2 spell: Lesser Beckoning
  5197 | D:6      | Reached XP level 9. HP: 69/69 MP: 9/9
  5373 | D:7      | Noticed a cyan ugly thing
  5766 | D:7      | Killed an unseen horror
  5767 | D:7      | Reached skill level 7 in Fighting
  5851 | D:7      | Noticed a boulder beetle
  5971 | D:7      | Killed a boulder beetle
  5972 | D:7      | Gained mutation: You have very sharp fingernails. [demonic
                  | ancestry]
  5972 | D:7      | Reached XP level 10. HP: 79/79 MP: 10/10
  6248 | D:7      | Killed a purple ugly thing
  6249 | D:7      | Reached skill level 10 in Staves
  6439 | D:7      | Identified the +4 whip "Xucidd" {flame, +Blink}
  6809 | D:8      | Reached skill level 8 in Fighting
  7351 | D:8      | Learned a level 3 spell: Vhi's Electric Charge
  7355 | D:8      | Learned a level 3 spell: Gell's Gravitas
  7836 | D:9      | Paralysed by a hornet for 2 turns
  8679 | D:9      | Found a staircase to the Lair.
  8679 | D:9      | Noticed an elephant
  8699 | D:9      | Killed an elephant
  8700 | D:9      | Reached skill level 1 in Armour
  9234 | Lair:1   | Entered Level 1 of the Lair of Beasts
  9321 | Lair:1   | Noticed a cane toad
  9321 | Lair:1   | Noticed a catoblepas
  9334 | Lair:1   | Killed a cane toad
  9366 | D:10     | Entered Level 10 of the Dungeon
  9366 | D:10     | Noticed Nergalle
  9438 | D:10     | Gained mutation: You regenerate a lot of health from kills.
                  | [demonic ancestry]
  9438 | D:10     | Reached XP level 11. HP: 87/87 MP: 11/11
  9566 | D:10     | Noticed Urug
  9591 | D:10     | Noticed a spectral orc warlord
  9748 | D:10     | Identified the +0 robe of Licw {Dex+5}
  9796 | D:10     | Found a staircase to the Orcish Mines.
  9803 | Orc:1    | Entered Level 1 of the Orcish Mines
 10006 | Orc:1    | Reached skill level 9 in Fighting
 10172 | Orc:1    | Noticed an orc knight
 10178 | Orc:1    | Noticed an orc sorcerer
 10353 | D:10     | Killed Nergalle
 10381 | D:10     | Killed Urug
 10569 | D:10     | Got the Parchment of Fog and the Shot
 11156 | Lair:1   | Killed a catoblepas
 11268 | Lair:1   | Found a transporter.
 11277 | Lair:1   | Noticed Taxzan's ghost (journeyman MiGl)
 11277 | Lair:1   | Noticed a spriggan rider
 11443 | Lair:1   | Found a bloodstained altar of Trog.
 11444 | Lair:1   | Found a transporter.
 11710 | Lair:1   | Noticed Joseph
 11719 | Lair:1   | Killed Joseph
 11720 | Lair:1   | Reached skill level 10 in Fighting
 11724 | Lair:1   | Gained mutation: You have hooves in place of feet. [demonic
                  | ancestry]
 11724 | Lair:1   | Reached XP level 12. HP: 97/97 MP: 11/19
 11730 | Lair:1   | Learned a level 3 spell: Teleport Other
 12112 | Lair:1   | Reached skill level 5 in Armour
 12289 | Lair:2   | Reached XP level 13. HP: 103/103 MP: 20/20
 12404 | Lair:2   | Identified the +5 rapier of the Median {heavy, Int+3}
 12924 | Lair:2   | You fall into a shaft and drop 2 floors!
 12927 | Lair:4   | Found a frozen archway.
 13008 | Lair:3   | Found a staircase to the Swamp.
 13096 | Lair:3   | Found a gate leading to a gauntlet.
 13105 | Gauntlet | Entered a Gauntlet
 13105 | Gauntlet | Found a transporter.
 13109 | Gauntlet | Found a transporter.
 13111 | Gauntlet | Found a transporter.
 13131 | Gauntlet | Found a transporter.
 13135 | Gauntlet | Found a runed translucent door.
 13142 | Gauntlet | Found a runed translucent door.
 13145 | Gauntlet | Found a transporter.
 13147 | Gauntlet | Found a transporter.
 13151 | Gauntlet | Found a runed translucent door.
 13151 | Gauntlet | Found a runed translucent door.
 13156 | Gauntlet | Found a transporter.
 13172 | Gauntlet | Found a transporter.
 13182 | Gauntlet | Found a transporter.
 13196 | Gauntlet | Found a transporter.
 13210 | Gauntlet | Found a transporter.
 13212 | Gauntlet | Found a transporter.
 13296 | Gauntlet | Found a transporter.
 13351 | Gauntlet | Identified the ring "Uneblez" {Fly Dex+6 Slay+3}
 13429 | Gauntlet | Noticed a minotaur
 13437 | Gauntlet | Killed a minotaur
 13442 | Gauntlet | Got Imaamoan's Parchment of Superposition
 13442 | Gauntlet | Got Puoloci's Guide on the Shift and Spelunking
 13534 | Gauntlet | Reached skill level 11 in Fighting
 14689 | Lair:4   | Reached skill level 1 in Evocations
 14757 | Lair:4   | Reached skill level 12 in Fighting
 15056 | Lair:5   | Entered Level 5 of the Lair of Beasts
 15120 | Lair:5   | Found an ancient bone altar of Kikubaaqudgha.
 15145 | Lair:5   | Gained mutation: You have a tail ending in a sharp stinger.
                  | [demonic ancestry]
 15145 | Lair:5   | Reached XP level 14. HP: 115/115 MP: 21/21
 15580 | Lair:5   | Reached skill level 5 in Evocations
 15689 | Lair:5   | Reached skill level 13 in Fighting
 15797 | Lair:5   | Found the +10 Black Knight's barding {ponderous, rPois rN+}
 15816 | Lair:5   | Identified the staff of conjuration "Fexas" {*Corrode rC+++
                  | Str+8}
 15970 | Lair:5   | Found a staircase to the Slime Pits.
 15971 | Lair:5   | Found a viscous altar of Jiyva.
 16220 | D:9      | Bought a fading chain mail for 313 gold pieces
 16220 | D:9      | Identified the +0 chain mail "Ineasera" {*Slow rElec rPois
                  | Str-5} (You bought it in a shop on level 9 of the Dungeon)
 16220 | D:9      | Bought a scroll of enchant weapon for 247 gold pieces
 16220 | D:9      | Bought a wand of roots (4) for 316 gold pieces
 16222 | D:9      | Bought a scroll of fog for 132 gold pieces
 16222 | D:9      | Bought a potion of magic for 264 gold pieces
 16475 | Orc:1    | Noticed Gastronok
 16497 | Orc:1    | Killed Gastronok
 16561 | Orc:2    | Entered Level 2 of the Orcish Mines
 16590 | Orc:2    | Found a staircase to the Elven Halls.
 16979 | Orc:2    | Noticed an orc warlord
 17036 | Orc:1    | Killed an orc warlord
 17229 | Orc:2    | Reached skill level 10 in Armour
 17730 | Orc:2    | Found Voefog's General Store.
 17731 | Orc:2    | Found Buemiaq's Jewellery Boutique.
 17734 | Orc:2    | Found Zaynkom's Antique Armour Shop.
 17734 | Orc:2    | Found Zeacluw's Antique Weapon Shop.
 17739 | Orc:2    | Bought a pair of bloodstained gloves for 228 gold pieces
 17739 | Orc:2    | Identified the +1 pair of gloves "Naiqitzodau" {SInv} (You
                  | bought it in a shop on level 2 of the Orcish Mines)
 17762 | Orc:2    | Bought a potion of ambrosia for 128 gold pieces
 17762 | Orc:2    | Bought a scroll of identify for 32 gold pieces
 18149 | D:11     | Gained mutation: You have claws for hands. [demonic
                  | ancestry]
 18149 | D:11     | Reached XP level 15. HP: 125/125 MP: 22/22
 18479 | D:11     | Noticed Lodul
 18489 | D:11     | Reached skill level 14 in Fighting
 18496 | D:11     | Killed Lodul
 18898 | D:12     | Noticed Erolcha
 18910 | D:12     | Killed Erolcha
 19582 | D:13     | Found Pagaki's Jewellery Shoppe.
 19587 | D:13     | Bought the ring of Rommeob {rPois rF+ rC+ EV+5} for 1040
                  | gold pieces
 19995 | D:13     | Found a gate to the Vaults.
 20812 | D:14     | Noticed Agnes
 20818 | D:14     | Reached skill level 5 in Translocations
 21115 | D:13     | Killed Agnes
 21260 | D:14     | Found a broken altar of Ashenzari.
 21657 | D:14     | Learned a level 2 spell: Blink
 21760 | D:15     | Entered Level 15 of the Dungeon
 21868 | D:15     | Found a staircase to the Depths.
 21950 | D:15     | Identified a scroll of acquirement
 21960 | D:15     | Acquired 880 gold pieces
 22224 | D:15     | Reached skill level 15 in Fighting
 22326 | D:15     | Found a portal to a secret trove of treasure.
 22461 | D:15     | Found a hide-covered altar of Uskayaw.
 23181 | Swamp:1  | Entered Level 1 of the Swamp
 23191 | Swamp:1  | Bought a +1 cloak of stealth for 330 gold pieces
 23309 | Swamp:1  | Noticed Kirke
 23323 | Swamp:1  | Killed Kirke
 23465 | Swamp:1  | Got the Quarto of Bedrock
 23653 | Swamp:1  | Gained mutation: You have a sharp stinger which inflicts
                  | weakening toxins. [demonic ancestry]
 23653 | Swamp:1  | Reached XP level 16. HP: 65/136 MP: 23/23
 23966 | Swamp:1  | Noticed Jorgrun
 23983 | Swamp:1  | Killed Jorgrun
 24433 | Swamp:2  | Reached skill level 10 in Dodging
 24602 | Swamp:2  | Identified the +0 robe of Midwinter {rElec rN+ Regen+
                  | Dex+4}
 25016 | Swamp:2  | Noticed a thorn hunter
 25028 | Swamp:2  | Killed a thorn hunter
 25092 | Swamp:2  | Paralysed by a fenstrider witch for 5 turns
 25095 | Swamp:2  | Slain by a fenstrider witch

Illustrated notes

Levels and vault maps discovered:
D:1:      dpeg_arrival_prison, layout_rooms, basic_ecumenical_altar,
          chequers_serial_rivers_small_a, hangedman_decor_growths,
          minmay_split_cup_small
D:2:      layout_loops_ring, uniq_natasha
D:3:      layout_loops_corners, general_overflow_altar, lemuel_round_altar,
          grunt_temple_overflow_open, mainiacjoe_overflow_concentric_impassable,
          uniq_crazy_yiuf_cottage
D:4:      layout_cave_pools, st_stairs_7, uniq_duvessa, uniq_ijyb, uniq_grinder
D:5:      layout_cave_pools, mainiacjoe_overflow_small_starburst,
          chequers_avenue, uniq_blork_the_orc, uniq_eustachio, uniq_menkaure
D:6:      layout_gridville, minmay_temple_entry_fiery, serial_shops, shop,
          hangedman_decor_riveting
D:7:      minmay_the_grid_four_pointed_star
          [minmay_the_grid_triangle_9x9_impossible_snake,
          minmay_the_grid_triangle_9x9_pentomino_pain,
          minmay_the_grid_triangle_9x9_stretched_checkered,
          minmay_the_grid_triangle_9x9_warning,
          minmay_the_grid_prize_four_corners_diamond_b], layout_rooms,
          enter_bailey_5
D:8:      layout_basic
D:9:      layout_layer_cave, david_lair_generic, bh_walls_and_bars
D:10:     layout_layer_cave, orc_0_dummy, uniq_urug, uniq_nergalle
D:11:     layout_stronghold, uniq_lodul
D:12:     layout_rooms, uniq_erolcha
D:13:     layout_stronghold, david_vaults_4, serial_shops, kennysheep_mini_moat,
          small_chamber_with_monster
D:14:     layout_cross, lemuel_tele_altar, lemuel_flame_loot_1, uniq_agnes
D:15:     hangedman_depths_entry_try_elsewhere_first, layout_rooms,
          nicolae_trove_entry_diagonal, nicolae_wwwww,
          eat_drink_and_be_merry_uskayaw
Lair:1:   layout_cave_pods, gammafunk_ghost_wrathful_warriors, special_room
          [special_room_bee], grunt_megastairs_5, uniq_joseph
Lair:2:   layout_long_grid, nicolae_spider_entry_non_spiders
Lair:3:   layout_hall_layers, swamp_mist_pool, gauntlet_entry_generic,
          beast_lair_carwin_7
Lair:4:   beast_lair_carwin_large_2, layout_misc_corridors,
          portal_ice_cave_entry_pillars_2
Lair:5:   grunt_lair_end_beastmaster, layout_cave_shapes,
          minmay_slime_entry_jelly_boxes, basic_altar
Swamp:1:  layout_basic_swamp, evilmike_swamp_ruin_house_1, uniq_kirke,
          uniq_jorgrun
Swamp:2:  nzn_winding_woodlands_medium [nzn_winding_woodlands_5x5_cross,
          nzn_winding_woodlands_5x15_lazy_stream,
          nzn_winding_woodlands_hourglass, nzn_winding_woodlands_5x5_perimeter,
          nzn_winding_woodlands_center_lodge,
          nzn_winding_woodlands_5x5_closed_star,
          nzn_winding_woodlands_5x5_default,
          nzn_winding_woodlands_5x15_sidewinder,
          nzn_winding_woodlands_5x5_open_star], layout_basic_swamp,
          evilmike_swamp_ruin_rubble_1
Orc:1:    layout_caves, statue_in_the_mist_lemuel, uniq_gastronok
Orc:2:    st_orc_congregation, layout_caves, hangedman_feature_mirror

Skill      XL: |  1  2  3  4  5  6  7  8  9 10 11 12 13 14 15 16 |
---------------+-------------------------------------------------+-----
Staves         | 3 4 5 6 8 9 11 12 13 14 | 14.0
Dodging        | 3 4 5 6 7 8 9 10 | 10.2
Fighting       | 3 4 5 6 7 8 10 12 13 15 | 15.8
Armour         | 1 4 5 8 10 11 | 11.0
Spellcasting   | 4 |  4.8
Translocations | 4 7 8 |  8.0
Evocations     | 3 7 8 |  8.6
Throwing       | |  1.7
Air Magic      | |  0.7

Action                     |  1- 3 |  4- 6 |  7- 9 | 10-12 | 13-15 | 16-18 || total
---------------------------+-------+-------+-------+-------+-------+-------++-------
  Melee: Quarterstaff      |    87 |   100 |   211 |    33 |    16 |     4 ||   451
         Tailslap          |     8 |    14 |    30 |    44 |   163 |    18 ||   277
         Kick              |       |    28 |    74 |   105 |   358 |    35 ||   600
         Lajatang          |       |       |       |   351 |   955 |    84 ||  1390
  Throw: Throwing net      |       |     1 |     9 |       |       |       ||    10
         Javelin           |       |       |       |     1 |     1 |     6 ||     8
   Cast: Apportation       |       |       |       |       |     7 |       ||     7
 Invoke: Potion Petition   |       |       |     1 |     2 |     1 |     1 ||     5
         Call Merchant     |       |       |       |       |     2 |       ||     2
  Evoke: Wand              |       |       |     8 |    18 |    20 |     4 ||    50
    Use: Potion            |     1 |       |       |     2 |     4 |     4 ||    11
         Scroll            |       |    10 |     5 |    15 |    19 |     2 ||    51
   Stab: Distracted        |     1 |       |     1 |     3 |     4 |     1 ||    10
         Sleeping          |       |    10 |     6 |     1 |     1 |       ||    18
         Held in net/web   |       |       |     7 |       |       |       ||     7
         Paralysed         |       |       |     1 |       |       |       ||     1
         Petrified         |       |       |       |     4 |       |       ||     4
         Invisible         |       |       |       |       |     1 |       ||     1
 Armour: Leather armour    |    15 |    21 |    45 |    15 |       |       ||    96
         Ring mail         |    18 |       |       |       |       |       ||    18
         Shadow dragon sca |       |       |       |    70 |       |       ||    70
         Scale mail        |       |       |       |    50 |   330 |    38 ||   418
  Dodge: Dodged            |    63 |    58 |   137 |   443 |   988 |   122 ||  1811
  Block: Other             |       |       |       |       |    53 |    27 ||    80
         Reflection        |       |       |       |       |     5 |       ||     5
